 Dungeon Crawl Stone Soup version 0.19-a0-1937-g70ed36a (webtiles) character file.

3860 JeffiDaFish the Cleaver (level 10, 0/77 HPs)
             Began as a Hill Orc Fighter on Oct 27, 2016.
             Was a Follower of Beogh.
             Slain by an ogre
             ... wielding a +0 giant club
              (7 damage)
             ... on level 9 of the Dungeon.
             The game lasted 00:20:36 (7067 turns).

JeffiDaFish the Cleaver (Hill Orc Fighter)          Turns: 7067, Time: 00:20:37

Health: 0/77       AC: 16    Str: 23    XL:     10   Next: 18%
Magic:  10/10      EV:  8    Int: 12    God:    Beogh [*.....]
Gold:   243        SH: 13    Dex: 14    Spells: 0 memorised, 9 levels left

rFire  . . .     SeeInvis .     b - +0 broad axe of a Hundred Stars {freeze, -Tele Dex+4 Stlth+}
rCold  . . .     Gourm    .     u - +3 chain mail
rNeg   . . .     Faith    .     c - +2 shield
rPois  +         Spirit   .     l - +2 helmet
rElec  +         Reflect  .     (no cloak)
rCorr  .         Harm     .     (no gloves)
MR     .....     NoTele   +     (no boots)
Stlth  ..........               (no amulet)
                                m - +4 ring of intelligence
                                o - ring of poison resistance

@: no status effects
A: frail 1, electricity resistance, MP-powered wands
a: Renounce Religion


You were on level 9 of the Dungeon.
You worshipped Beogh.
Beogh was aware of your devotion.
You were not hungry.

You visited 1 branch of the dungeon, and saw 9 of its levels.

You collected 579 gold pieces.
You spent 336 gold pieces at shops.

Inventory:

Hand Weapons
 a - a +1 war axe of freezing
 b - the +0 broad axe of a Hundred Stars (weapon) {freeze, -Tele Dex+4 Stlth+}
   (You bought it in a shop on level 9 of the Dungeon)

   It has been specially enchanted to freeze those struck by it, causing extra
   injury to most foes and up to half again as much damage against particularly
   susceptible opponents.
   It can also slow down cold-blooded creatures.
   It affects your dexterity (+4).
   It prevents most forms of teleportation.
   It makes you more stealthy.
Armour
 c - a +2 shield (worn)
 l - a +2 helmet (worn)
 u - a +3 chain mail (worn)
Jewellery
 e - an uncursed ring of protection from fire
 m - a +4 ring of intelligence (right hand)
 o - a ring of poison resistance (left hand)
Wands
 d - a wand of paralysis (11/24)
 v - a wand of digging (6/24)
 x - a wand of paralysis (11/24)
 y - a wand of acid (3/15)
 A - a wand of acid (9/15)
 B - a wand of iceblast (7/15)
 C - a wand of enslavement (10/24)
 E - a wand of random effects (39/48)
Scrolls
 j - 4 scrolls of teleportation
 n - 2 scrolls of remove curse
 r - 3 scrolls of blinking
 s - a scroll of recharging
 t - 5 scrolls of identify
 D - 2 scrolls of magic mapping
Potions
 h - 4 potions of curing
 k - 3 potions of flight
 p - 2 potions of haste
Comestibles
 f - 3 bread rations
 g - 2 slices of pizza
 i - 6 meat rations
 q - a royal jelly
 z - a fruit


   Skills:
 * Level 7.3 Fighting
 + Level 12.1 Axes
 + Level 6.9 Armour
 + Level 2.7 Dodging
 + Level 1.5 Stealth
 + Level 7.9 Shields


You had 9 spell levels left.
You didn't know any spells.

Dungeon Overview and Level Annotations

Branches:
Dungeon (9/15)             Temple (0/1) D:7             Orc (0/2) D:9
   Lair: D:8-11

Altars:
Ashenzari
Dithmenos
Okawaru
Qazlal
Trog
Yredelemnul

Shops:
D:6 !   D:9 (


Innate Abilities, Weirdness & Mutations

You are frail. (-10% HP)
You are resistant to electric shocks. (rElec)
You expend magic power (3 MP) to strengthen your wands.


Message History

The orc warrior closely misses you.
You hit the orc warrior but do no damage.
The orc warrior is almost dead.
You block the orc warrior's attack.
You hit the orc warrior. You freeze the orc warrior.
You kill the orc warrior!
Beogh accepts your kill.
You hit the ogre. You freeze the ogre.
The ogre is moderately wounded.
The ogre closely misses you.
You slash the ogre! You freeze the ogre.
The ogre is severely wounded.
You block the ogre's attack.
The orc priest calls down the wrath of Beogh upon you.
Beogh smites you!
* * * LOW HITPOINT WARNING * * *
Your shield and chain mail prevent you from hitting the ogre.
The ogre is severely wounded.
The ogre hits you with a giant club!
You die...

*,*** **** **,* #
****+** #### *,,####
#,,,,,* #..######...
#.,,,,* #..........#
#..,,,* ###..........#
#...,,* #.'..........#
#$.ooo* ##.#..........+
#..ooo####..#..........#
#.ooooO@...##..........#
#..ooo#######..........#
#..oo,* ########+...
#...,,* ##.... #$.,,,*
#..... ##'###* ##.#...
#$..# ##<.#(.. ###.##
#.)##... #....#
######'###...


You could see 3 orc warriors, an ogre, an orc priest and 10 orcs.

Vanquished Creatures
  Joseph (D:8)
  3 hippogriffs (D:8)
  A hungry ghost (D:7)
  The ghost of Warped the Skirmisher, an amateur GrMo (D:4)
  3 orc warriors
  The ghost of spe3d0 the Shield-Bearer, an amateur MiFi of Okawaru (D:3)
  4 ogres
  4 phantoms
  4 centaurs
  A big kobold (D:7)
  A wyvern skeleton (D:9)
  A scorpion (D:6)
  A howler monkey (D:6)
  5 crimson imps
  A centaur zombie (D:7)
  2 jellies (D:6)
  A bullfrog skeleton (D:5)
  2 orc priests (D:7)
  2 hounds (D:9)
  2 centaur skeletons
  2 iguanas
  3 worker ants
  11 orc wizards
  A hound skeleton (D:4)
  A worker ant zombie (D:6)
  A howler monkey zombie (D:5)
  5 adders
  4 gnolls
  2 shadow imps (D:7)
  An ooze (D:3)
  An adder skeleton (D:9)
  A worm (D:2)
  A dart slug (D:3)
  13 leopard geckos
  32 orcs
  4 ball pythons
  4 bats
  4 giant cockroaches
  7 goblins
  8 hobgoblins
  20 jackals
  13 kobolds
  3 quokkas
  2 frilled lizards
  9 rats
194 creatures vanquished.

Vanquished Creatures (others)
  An orc priest (D:8)
  An orc wizard (D:8)
  2 orcs (D:8)
4 creatures vanquished.

Grand Total: 198 creatures vanquished

Notes
Turn   | Place    | Note
-------+----------+-------------------------------------------
     0 | D:1      | JeffiDaFish the Hill Orc Fighter began the quest for the Orb.
     0 | D:1      | Reached XP level 1. HP: 19/19 MP: 1/1
   193 | D:1      | Reached skill level 3 in Axes
   193 | D:1      | Reached XP level 2. HP: 20/27 MP: 2/2
   266 | D:1      | Reached XP level 3. HP: 23/33 MP: 3/3
   862 | D:2      | Reached XP level 4. HP: 38/40 MP: 4/4
  1518 | D:3      | Reached skill level 4 in Axes
  1646 | D:3      | Noticed spe3d0's ghost (amateur MiFi)
  1656 | D:3      | Killed spe3d0's ghost
  1656 | D:3      | Reached skill level 1 in Dodging
  1656 | D:3      | Reached XP level 5. HP: 16/46 MP: 5/5
  2325 | D:4      | Reached XP level 6. HP: 47/53 MP: 6/6
  2348 | D:4      | Noticed a phantom
  2350 | D:4      | Found a bloodstained altar of Trog.
  2395 | D:4      | Killed a phantom
  2395 | D:4      | Reached skill level 5 in Axes
  2482 | D:4      | Reached skill level 5 in Armour
  2482 | D:4      | Reached skill level 5 in Shields
  2637 | D:4      | Noticed Warped's ghost (amateur GrMo)
  2663 | D:4      | Killed Warped's ghost
  2663 | D:4      | Reached skill level 6 in Axes
  2663 | D:4      | Reached XP level 7. HP: 33/60 MP: 7/7
  3050 | D:4      | Reached skill level 5 in Fighting
  3050 | D:4      | Reached skill level 7 in Axes
  3131 | D:4      | Reached XP level 8. HP: 63/68 MP: 8/8
  3214 | D:4      | Found a shadowy altar of Dithmenos.
  3217 | D:4      | Found a shattered altar of Ashenzari.
  3220 | D:4      | Found a basalt altar of Yredelemnul.
  3547 | D:5      | Entered Level 5 of the Dungeon
  4217 | D:5      | Reached skill level 8 in Axes
  4328 | D:6      | Found Udemp's Distillery.
  4344 | D:6      | Reached skill level 1 in Stealth
  4529 | D:6      | You fall through a shaft for 3 floors!
  4550 | D:9      | Found an iron altar of Okawaru.
  4561 | D:9      | Reached skill level 9 in Axes
  4598 | D:9      | Found Jaufap's Weapon Emporium.
  4599 | D:9      | Found a staircase to the Orcish Mines.
  4643 | D:9      | Bought the +0 broad axe of a Hundred Stars {freeze, -Tele Dex+4 Stlth+} for 336 gold pieces
  4719 | D:8      | Noticed Joseph
  4731 | D:8      | Killed Joseph
  4731 | D:8      | Reached XP level 9. HP: 75/75 MP: 9/9
  4774 | D:8      | Reached skill level 10 in Axes
  4794 | D:8      | Became a worshipper of Beogh the Brigand
  4934 | D:6      | Reached skill level 11 in Axes
  4940 | D:6      | Reached * piety under Beogh
  5350 | D:7      | Found a staircase to the Ecumenical Temple.
  5631 | D:7      | Gained mutation: You expend magic power (3 MP) to strengthen your wands. [potion of mutation]
  5631 | D:7      | Gained mutation: You are frail. (-10% HP) [potion of mutation]
  5631 | D:7      | Gained mutation: You are resistant to electric shocks. (rElec) [potion of mutation]
  6373 | D:8      | Found a stormy altar of Qazlal.
  6518 | D:8      | Reached XP level 10. HP: 75/75 MP: 10/10
  6845 | D:9      | Reached skill level 12 in Axes
  7067 | D:9      | Slain by an ogre

Vault maps used:
D:1:      lightli_iron_boxes, minmay_tromino_i4
D:3:      gup_sewer_entry_pipe
D:4:      grunt_temple_overflow_diamond, st_stairs_1, trog_hazing_becter
D:5:      first_bread
D:6:      serial_shops, shop
D:8:      nicolae_qazlal_eye_of_the_storm, uniq_joseph
D:9:      okawaru_ov_weapons_minmay, orc_david_3, the_bakery,
          kennysheep_generic_room_16

Skill      XL: |  1  2  3  4  5  6  7  8  9 10 |
---------------+-------------------------------+-----
Axes           | 3 4 6 7 9 11 12 | 12.1
Fighting       | 4 5 6 7 |  7.3
Armour         | 4 5 6 |  6.9
Dodging        | 1 2 |  2.7
Shields        | 4 5 6 7 |  7.9
Stealth        | 1 |  1.5

Action                   |  1- 3 |  4- 6 |  7- 9 | 10-12 || total
-------------------------+-------+-------+-------+-------++-------
Melee: War axe           |   117 |   152 |   190 |       ||   459
       Broad axe         |       |       |   183 |    57 ||   240
Invok: Convert to Beogh  |       |       |     1 |       ||     1
  Use: Potion            |     3 |     3 |     5 |     2 ||    13
       Scroll            |     3 |     6 |     6 |       ||    15
 Stab: Invisible         |       |       |     4 |       ||     4
  Eat: Chunk             |       |     2 |     6 |       ||     8
       Bread ration      |       |     1 |     2 |       ||     3
       Meat ration       |       |       |     1 |       ||     1
       Fruit             |       |       |     1 |       ||     1
Armor: Scale mail        |    60 |    65 |    41 |       ||   166
       Chain mail        |       |       |    98 |    13 ||   111
Dodge: Dodged            |    37 |    56 |    75 |    18 ||   186
Block: Shield            |    68 |   106 |   219 |    38 ||   431
